 Dungeon Crawl Stone Soup version 0.17.1-3-g152610e (webtiles) character file.

62 ololoev the Chopper (level 3, -1/29 HPs)
             Began as a Demonspawn Fighter on Feb 17, 2016.
             Killed from afar by Blork the orc (11 damage)
             ... with a puff of flame
             ... on level 4 of the Dungeon.
             The game lasted 00:03:36 (428 turns).

ololoev the Chopper (Demonspawn Fighter)             Turns: 428, Time: 00:03:36

Health: -1/29      AC:  9    Str: 22    XL:     3   Next: 85%
Magic:  3/3        EV:  7    Int:  9    God:
Gold:   42         SH:  9    Dex: 12    Spells: 0 memorised, 2 levels left

rFire  . . .     SeeInvis .     a - +0 war axe
rCold  . . .     Clarity  .     b - +0 scale mail
rNeg   . . .     SustAt   .     c - +0 shield
rPois  .         Gourm    .     (no helmet)
rElec  .         Spirit   .     (no cloak)
rCorr  .         Warding  .     (no gloves)
rMut   .         Stasis   .     (no boots)
MR     .....                    (no amulet)
Stlth  ..........               (no ring)
                                (no ring)

@: mighty, very slightly contaminated, hasted, very quick, not resistant to
hostile enchantments, extremely unstealthy
A: slimy green scales 2
a: no special abilities


Innate Abilities, Weirdness & Mutations

You are mostly covered in slimy green scales (AC +3).

Inventory:

Hand Weapons
 a - a +0 war axe (weapon)
Armour
 b - a +0 scale mail (worn)
 c - a +0 shield (worn)
Scrolls
 g - a scroll of recharging {unknown}
 j - a scroll of remove curse {unknown}
 k - a scroll of enchant armour {unknown}
Potions
 f - a potion of curing
 h - a potion of haste
 i - a potion of brilliance {unknown}
 l - 2 potions of agility {unknown}
Comestibles
 d - a chunk of flesh
 e - 2 bread rations


   Skills:
 - Level 3.0 Fighting
 * Level 3.4 Axes
 + Level 3.1 Armour
 - Level 2.6 Shields


You had 2 spell levels left.
You didn't know any spells.


You were on level 4 of the Dungeon.
You were not hungry.

You visited 1 branch of the dungeon, and saw 4 of its levels.

You collected 42 gold pieces.

##...##. .o.... .....# .....
.# #...# .# #...# .......
#...# ##....... # #@..# #
#........ #.#...#.# #.#......
#.......# #.#......
####.#######<#.....#
#....†...†...##..... #####
#.......####.......#
###...#####.#####.####.##.....
#...#.....#.##...........#.###
#.#..)#)#.#.##.........#.#.###

Notes
Turn   | Place    | Note
--------------------------------------------------------------
     0 | D:1      | ololoev the Demonspawn Fighter began the quest for the Orb.
     0 | D:1      | Reached XP level 1. HP: 18/18 MP: 1/1
   113 | D:1      | Gained mutation: You are partially covered in slimy green scales (AC +2). [demonic ancestry]
   113 | D:1      | Reached XP level 2. HP: 13/24 MP: 2/2
   186 | D:2      | Found an opulent altar of Gozag.
   329 | D:4      | Gained mutation: You are mostly covered in slimy green scales (AC +3). [demonic ancestry]
   329 | D:4      | Reached XP level 3. HP: 12/29 MP: 3/3
   427 | D:4      | Noticed Blork the orc
   428 | D:4      | Killed from afar by Blork the orc

Dungeon Overview and Level Annotations

Branches:
Dungeon (4/15)
 Temple: D:4-7

Altars:
Gozag

Annotations:
D:4 Blork the orc


Message History

The hound closely misses you.
You closely miss the hound. You block the hound's attack.
The hound completely misses you. You block the hound's attack.
You closely miss the hound. The hound barely misses you.
The hound bites you but does no damage.
You barely miss the hound. You block the hound's attack.
The hound bites you but does no damage.
Your shield and scale mail prevent you from hitting the hound.
The hound bites you. The hound bites you but does no damage.
You closely miss the hound. The hound barely misses you.
The hound closely misses you.
You completely miss the hound. The hound bites you.
The hound bites you but does no damage.
You slash the hound!
The hound is heavily wounded.
The hound barely misses you. The hound bites you but does no damage.
You completely miss the hound.
The hound is heavily wounded.
The hound bites you. You block the hound's attack.
You block the hound's attack.
You slash the hound!
You kill the hound!
Your Armour skill increases to level 3!
You see here a hound corpse.
You butcher the hound corpse.
d - a chunk of flesh You see here an adder corpse.
Drink which item? (? for menu, Esc to quit)
It was a potion of curing.
You feel better.
Drink which item? (? for menu, Esc to quit)
It was a potion of haste.
You feel yourself speed up.
You hear the rusting of a distant drain.
You are very lightly contaminated with residual magic.
Blork the orc comes into view.
He is wielding a halberd.
Blork the orc shouts!
Blork the orc gestures at you while chanting.
The puff of flame hits you! Blork the orc casts a spell at you.
The puff of flame hits you!
You die...

You could see Blork the orc.

Vanquished Creatures
  A hound (D:4)
  An adder (D:4)
  A worm (D:2)
  3 orcs (D:4)
  A hobgoblin (D:1)
  2 jackals (D:1)
  A quokka (D:4)
  2 goblins
  3 kobolds
  5 rats
20 creatures vanquished.

Action                   || total
-------------------------++-------
Melee: War axe           ||    64
  Use: Potion            ||     3

Vault maps used:
D:1:      dpeg_arrival_lava_altar, serial_forest,
          infiniplex_forest_clump_diagonal, infiniplex_forest_clump_large,
          infiniplex_forest_corner_1, infiniplex_forest_lined_corner,
          infiniplex_forest_lined_room_3, infiniplex_forest_clump_long,
          minmay_quantized
D:2:      first_bread, grunt_gozag_breadcrumbs
D:3:      tso_oasis_becter, cheibrodos_ashenzari_chains, uniq_crazy_yiuf_cottage
D:4:      portal_sewer_entry_a, uniq_blork_the_orc
